 Dungeon Crawl Stone Soup version 0.20.1-1-g8b1a95d (webtiles) character file.

3160 doot the Chopper (level 9, -1/65 (68) HPs)
             Began as a Demonspawn Abyssal Knight on Nov 22, 2017.
             Was an Elder of Lugonu.
             Slain by a two-headed ogre
             ... wielding a +0 giant club
              (6 damage)
             ... on level 7 of the Dungeon.
             The game lasted 00:23:28 (9340 turns).

doot the Chopper (Demonspawn Abyssal Knight)        Turns: 9340, Time: 00:23:30

HP:   -1/65 (68)    AC: 15    Str: 18    XL:     9   Next: 62%
MP:   14/14         EV:  8    Int: 18    God:    Lugonu [****..]
Gold: 287           SH:  0    Dex: 14    Spells: 8/8 levels left

rFire    . . .     SeeInvis +   U - +4 long sword (curse)
rCold    + . .     Gourm    .   (no shield)
rNeg     . . .     Faith    .   h - +0 chain mail
rPois    .         Spirit   .   (helmet unavailable)
rElec    .         Reflect  .   p - +1 cloak {+Inv}
rCorr    .         Harm     .   (no gloves)
MR       .....                  E - +0 pair of boots
Stlth    ..........             (no amulet)
Regen    0.0/turn               G - +4 ring of strength
MPRegen  0.2/turn               e - ring of see invisible

@: non-regenerating, mildly diseased, drained
A: fangs 1, horns 3, yellow scales 1, clever 2, cold resistance 1, powered by
pain 2, inhibited regeneration
a: Depart the Abyss, Bend Space, Banish, Corrupt, Renounce Religion, Evoke
Invisibility


You were on level 7 of the Dungeon.
You worshipped Lugonu.
Lugonu was greatly pleased with you.
You were not hungry.

You visited 2 branches of the dungeon, and saw 9 of its levels.
You visited the Abyss 1 time.

You collected 383 gold pieces.
You spent 96 gold pieces at shops.

Inventory:

Hand Weapons
 a - a +1 hand axe
 o - a +2 quarterstaff of chaos
 u - a +0 war axe
 v - a +0 arbalest
 S - a +0 scimitar of slicing
 U - a cursed +4 long sword (weapon)
Armour
 h - a +0 chain mail (worn)
 p - a +1 cloak of invisibility (worn)
 E - a +0 pair of boots (worn)
 H - a +0 plate armour
 O - a +0 leather armour
Jewellery
 e - a ring of see invisible (right hand)
 i - an uncursed ring of resist corrosion
 D - a +4 ring of evasion
 G - a +4 ring of strength (left hand)
Wands
 y - a wand of enslavement (12/24)
 C - a wand of confusion (22/48)
 Q - a wand of flame (10/48)
Scrolls
 d - 4 scrolls of enchant armour
 g - 2 scrolls of fog {unknown}
 j - a scroll of recharging {unknown}
 k - 4 scrolls of identify
 n - 3 scrolls of remove curse
 q - 3 scrolls of enchant weapon {unknown}
 r - 3 scrolls of teleportation
 s - a scroll of amnesia
 x - a scroll of fear {unknown}
 T - a scroll of immolation {unknown}
Potions
 f - 3 potions of mutation {unknown}
 t - 5 potions of curing
 w - a potion of resistance {unknown}
 z - 2 potions of heal wounds
 A - 2 potions of might {unknown}
 B - a potion of invisibility {unknown}
 F - a potion of cancellation {unknown}
 I - 2 potions of brilliance {unknown}
 J - 2 potions of degeneration {unknown}
 K - a potion of haste {unknown}
 L - a potion of agility {unknown}
 M - a potion of berserk rage {unknown}
Books
 m - a book of Cantrips

   Spells                             Type                      Level
   a - Confusing Touch                Hexes                        1
   b - Animate Skeleton               Necromancy                   1
   c - Summon Small Mammal            Summoning                    1
   d - Apportation                    Translocation                1
 N - a book of Cantrips

   Spells                             Type                      Level
   a - Confusing Touch                Hexes                        1
   b - Animate Skeleton               Necromancy                   1
   c - Summon Small Mammal            Summoning                    1
   d - Apportation                    Translocation                1
 P - a book of Geomancy

   Spells                             Type                      Level
   a - Sandblast                      Earth                        1
   b - Passwall                       Transmutation/Earth          2
   c - Stone Arrow                    Conjuration/Earth            3
   d - Petrify                        Transmutation/Earth          4
   e - Lee's Rapid Deconstruction     Earth                        5
Comestibles
 c - 4 bread rations
 l - 26 fruits
 R - 2 chunks of flesh


   Skills:
 + Level 5.4(5.1) Fighting
 + Level 7.3(7.0) Axes
 + Level 6.0(5.7) Armour
 + Level 2.5(2.3) Dodging
 + Level 1.3(1.0) Stealth
 * Level 6.9(6.6) Invocations
 * Level 5.1(4.8) Evocations


You had 8 spell levels left.
You didn't know any spells.

Dungeon Overview and Level Annotations

Branches:
Dungeon (8/15)             Temple (1/1) D:7
   Lair: D:8-11

Altars:
Ashenzari
Cheibriados
Dithmenos
Fedhas
Gozag
Hepliaklqana
Kikubaaqudgha
Nemelex Xobeh
Okawaru
Trog
Xom

Shops:
D:4 %   D:5 =*((!


Innate Abilities, Weirdness & Mutations

You have a pair of large horns on your head.
You are partially covered in yellow scales. (AC +2)
Your flesh is cold resistant. (rC+)
You sometimes gain power by taking damage.
You have very sharp teeth.
Your mind is very acute. (Int +4)
You do not regenerate when monsters are visible.


Message History

You see here an adder corpse.
You butcher the adder corpse.
R - 6 chunks of flesh (gained 2)
You see here an adder skeleton.
You start resting.
Eating one of 6 chunks of flesh.
You eat one of the 6 chunks of flesh.
This raw flesh tastes terrible.
Some of the chunks of flesh in your inventory have rotted away.
A wight comes into view. It is wielding a great sword.
A wight is nearby!
A wight is nearby!
There is a stone staircase leading up here.
You climb upwards.
The cyan ugly thing gurgles horribly!
The two-headed ogre shouts in stereo!
A hungry ghost comes into view.
The two-headed ogre hits you with a giant club!
* * * LOW HITPOINT WARNING * * *
The two-headed ogre hits you but does no damage.
The two-headed ogre completely misses you.
The two-headed ogre hits you with a giant club.
You die...

#.#####.# #........#
#.#####.#####.....#.#
#................##.#
#####..####.#######.###.###
..((.....##.# #.......#
####(....)..#######.##.)..#
#(.....###.....#.#.###.#
#.....## #.....#.#.# #.#
#......###...@.#(#.###.#
####...##....O...##....#
#...##........u.....#
##.###........##.#### #.#
#..W..........# #.#
#.........#.#.# #### #.#
#........<#...# ...#####.#
#.........##..# #
.......#.###.............#
#


You could see a cyan ugly thing, a two-headed ogre and a hungry ghost.

Vanquished Creatures
  Grinder (D:5)
  A black bear (D:7)
  3 ice beasts
  3 sky beasts
  A phantom (D:7)
  4 necrophages (D:8)
  3 ogres
  A centaur (D:7)
  A big kobold (D:8)
  A bullfrog (D:7)
  2 scorpions (D:8)
  5 wights (D:8)
  2 centaur zombies
  3 howler monkeys
  A crimson imp (D:6)
  A bullfrog zombie (D:8)
  4 hounds
  An orc wizard (D:6)
  Crazy Yiuf (D:2)
  A quasit (D:8)
  An orc priest (D:6)
  3 jellies
  2 iguanas
  A bullfrog skeleton (D:5)
  Terence (D:2)
  5 worker ants
  2 mummies (D:8)
  2 worker ant zombies (D:6)
  10 gnolls
  9 adders
  2 shadow imps
  An ooze (D:1)
  2 worms
  An adder skeleton (D:7)
  2 adder zombies
  2 dart slugs
  4 leopard geckos
  10 orcs
  5 giant cockroaches
  8 goblins
  7 hobgoblins
  7 jackals
  3 kobolds
  A quokka (D:3)
  2 ball pythons
  9 bats
  6 frilled lizards
  A jackal skeleton (D:8)
  8 rats
157 creatures vanquished.

Vanquished Creatures (others)
  A bat (D:1)
  A goblin (D:1)
2 creatures vanquished.

Grand Total: 159 creatures vanquished

Notes
Turn   | Place    | Note
-------+----------+-------------------------------------------
     0 | Abyss:1  | doot the Demonspawn Abyssal Knight began the quest for the Orb.
     0 | Abyss:1  | Reached XP level 1. HP: 18/18 MP: 2/2
    24 | D:1      | Escaped the Abyss
   146 | D:1      | Reached skill level 2 in Axes
   197 | D:1      | Gained mutation: Your flesh is cold resistant. (rC+) [demonic ancestry]
   197 | D:1      | Reached XP level 2. HP: 5/24 MP: 3/3
   627 | D:1      | Reached skill level 1 in Dodging
   965 | D:1      | Reached ** piety under Lugonu
  1033 | D:1      | Gained mutation: You sometimes gain a little power by taking damage. [demonic ancestry]
  1033 | D:1      | Reached XP level 3. HP: 29/29 MP: 4/4
  1202 | D:2      | Noticed Terence
  1290 | D:2      | Killed Terence
  1502 | D:2      | Gained mutation: You have a pair of small horns on your head. [demonic ancestry]
  1502 | D:2      | Reached XP level 4. HP: 19/36 MP: 5/5
  1762 | D:2      | Found a runed door.
  2837 | D:2      | Noticed Crazy Yiuf
  2957 | D:2      | Killed Crazy Yiuf
  2957 | D:2      | Reached skill level 3 in Axes
  2957 | D:2      | Gained mutation: You sometimes gain power by taking damage. [demonic ancestry]
  2957 | D:2      | Reached XP level 5. HP: 12/42 MP: 6/6
  4065 | D:4      | Reached skill level 1 in Evocations
  4248 | D:4      | Gained mutation: You have a pair of horns on your head. [demonic ancestry]
  4248 | D:4      | Reached XP level 6. HP: 31/48 MP: 8/8
  4446 | D:4      | Found Etohil's Food Emporium.
  4751 | D:5      | Entered Level 5 of the Dungeon
  4777 | D:5      | Found Kicuw's Distillery.
  4787 | D:5      | Bought a potion of curing for 36 gold pieces
  4787 | D:5      | Bought a potion of heal wounds for 60 gold pieces
  4820 | D:5      | Found Risoxa's Weapon Shoppe.
  5161 | D:5      | Found Cogie's Jewellery Emporium.
  5310 | D:5      | Found Lyhippog's Antique Weapon Shop.
  5353 | D:5      | Noticed an ice beast
  5368 | D:5      | Killed an ice beast
  5368 | D:5      | Reached skill level 1 in Stealth
  5368 | D:5      | Gained mutation: You have a pair of large horns on your head. [demonic ancestry]
  5368 | D:5      | Reached XP level 7. HP: 34/54 MP: 9/9
  5482 | D:5      | Reached skill level 4 in Axes
  5809 | D:5      | Noticed Grinder
  5809 | D:5      | Paralysed by Grinder for 3 turns
  5832 | D:5      | Killed Grinder
  5879 | D:5      | Found Cazelown's Assorted Antiques.
  5911 | D:5      | Reached *** piety under Lugonu
  5918 | D:5      | il faut revoir les marchandises
  6161 | D:6      | Reached XP level 8. HP: 37/61 MP: 11/11
  6390 | D:6      | Reached skill level 5 in Axes
  6839 | D:7      | Reached skill level 5 in Armour
  7100 | D:7      | Found a shattered altar of Ashenzari.
  7378 | D:7      | Reached skill level 5 in Invocations
  7398 | D:7      | Gained mutation: You have very sharp teeth. [mutagenic meat]
  7609 | D:7      | Reached skill level 6 in Axes
  7818 | D:7      | Reached skill level 5 in Fighting
  7840 | D:7      | Found a staircase to the Ecumenical Temple.
  7999 | Temple   | Entered the Ecumenical Temple
  8134 | D:8      | Found Edidghua's Distillery.
  8148 | D:7      | Gained mutation: You are partially covered in yellow scales. (AC +2) [demonic ancestry]
  8148 | D:7      | Reached XP level 9. HP: 68/68 MP: 13/13
  8306 | D:8      | Noticed a cyan ugly thing
  8309 | D:8      | Noticed a two-headed ogre
  8887 | D:7      | Reached **** piety under Lugonu
  9237 | D:8      | Reached skill level 7 in Axes
  9265 | D:8      | Reached skill level 5 in Evocations
  9289 | D:8      | Gained mutation: Your mind is acute. (Int +2) [mutagenic meat]
  9290 | D:8      | Gained mutation: Your mind is very acute. (Int +4) [mutagenic meat]
  9291 | D:8      | Gained mutation: You do not regenerate when monsters are visible. [mutagenic meat]
  9340 | D:7      | Slain by a two-headed ogre

Skill      XL: |  1  2  3  4  5  6  7  8  9 |
---------------+----------------------------+-----
Axes           | 2 3 4 6 7 |  7.3
Armour         | 2 3 4 5 6 |  6.0
Dodging        | 1 2 |  2.5
Fighting       | 4 5 |  5.4
Evocations     | 1 2 3 4 5 |  5.1
Invocations    | 3 4 5 6 |  6.9
Stealth        | 1 |  1.3

Action                   |  1- 3 |  4- 6 |  7- 9 || total
-------------------------+-------+-------+-------++-------
Melee: Hand axe          |   119 |   216 |   284 ||   619
       Headbutt          |       |    43 |    70 ||   113
       Bite              |       |       |    28 ||    28
       Battleaxe         |       |       |    89 ||    89
       War axe           |       |       |    37 ||    37
       Long sword        |       |       |    13 ||    13
 Abil: Evoke Invisibilit |       |     1 |     1 ||     2
  Use: Scroll            |     2 |       |     3 ||     5
  Eat: Chunk             |     2 |    12 |    16 ||    30
       Fruit             |       |     1 |       ||     1
       Royal jelly       |       |       |     1 ||     1
Armor: Leather armour    |    30 |       |       ||    30
       Chain mail        |    15 |   127 |   209 ||   351
Dodge: Dodged            |    79 |    70 |   256 ||   405
       Rpst.: Long sword |       |       |     3 ||     3
